 Dungeon Sprint DCSS version 0.27.1-3-gb3d3a73c9e (webtiles) character file.

Game seed: 6244738282143589750

10446 raph the Brawler (level 11, 0/127 HPs)
             Began as a Troll Berserker on Oct 9, 2021.
             Was an Elder of Trog.
             Slain by the 27-headed Lernaean hydra (11 damage)
             ... in the Dungeon (Sprint I: "Red Sonja").
             The game lasted 00:06:22 (1139 turns).

raph the Brawler (Troll Berserker)                  Turns: 1139, Time: 00:06:23

Health: 0/127      AC: 16    Str: 27    XL:     11   Next: 36%
Magic:  10/10      EV:  6    Int:  3    God:    Trog [****..]
Gold:   1745       SH:  0    Dex: 12    Spells: 10/10 levels left

rFire    + . .     SeeInvis .     - Unarmed
rCold    + . .     Faith    .   (no shield)
rNeg     . . .     Spirit   .   l - +0 gold dragon scales
rPois    +         Reflect  .   (helmet restricted)
rElec    .         Harm     .   (no cloak)
rCorr    .         Rampage  .   (gloves unavailable)
Will     ++...     NoTele   +   (boots unavailable)
Stlth    ..........             (no amulet)
HPRegen  2.31/turn              i - ring of flight
MPRegen  0.12/turn              (no ring)

@: strong-willed, on berserk cooldown, flying, regenerating, slowed, very slow
A: large, unfitting armour, claws 3, regeneration 1, shaggy fur 1, tough skin 1
a: Renounce Religion, Berserk, Trog's Hand, Brothers in Arms


You were in the Dungeon.
You worshipped Trog.
Trog was greatly pleased with you.
You visited 1 branch You collected 1745 gold pieces.

Inventory:

Hand Weapons
 a - a +0 giant spiked club
Missiles
 j - 5 javelins (quivered)
Armour
 h - a +0 animal skin
 l - +0 gold dragon scales (worn)
Jewellery
 i - a ring of flight (left claw)
 k - a ring of poison resistance
Wands
 m - a wand of polymorph (5)
Scrolls
 g - a scroll of blinking
 n - a scroll of summoning {unknown}
Potions
 b - a potion of curing
 c - 2 potions of heal wounds
 d - a potion of haste
 e - 2 potions of magic
 f - a potion of berserk rage


   Skills:
 + Level 13.4 Fighting
 * Level 4.9 Armour
 + Level 13.3 Dodging
 * Level 16.0 Unarmed Combat


You had 10 spell levels left.
You didn't know any spells.
Your spell library was empty.

Dungeon Overview and Level Annotations

Branches:
Dungeon (1/1)

Altars:
Makhleb
Sif Muna
Vehumet
Wu Jian
Xom
Jiyva
Lugonu

Shops:
D [

Annotations:
D Lernaean hydra


Innate Abilities, Weirdness & Mutations

You are too large for most types of armour.
You have claws for hands.
Your natural rate of healing is unusually fast.
You are covered in fur. (AC +1)
You have tough skin. (AC +1)


Message History

You feel the effects of Trog's Hand fading.
You start resting.
Your skin stops crawling.
You feel less strong-willed.
You start resting.
You are no longer corroded.
You start resting.
HP restored.
You start waiting.
The 27-headed Lernaean hydra comes into view.
The 27-headed Lernaean hydra is nearby!
Your skin crawls.
You feel strong-willed.
The 27-headed Lernaean hydra roars deafeningly!
You fail to use your ability.
Your ogre goes berserk!
The 27-headed Lernaean hydra bites you! The 27-headed Lernaean hydra bites you.
The 27-headed Lernaean hydra bites you! x2
The 27-headed Lernaean hydra bites you but does no damage.
The 27-headed Lernaean hydra bites you.
The 27-headed Lernaean hydra completely misses you. x2
The 27-headed Lernaean hydra bites you!
The 27-headed Lernaean hydra bites you. x2
The 27-headed Lernaean hydra bites you but does no damage. x3
The 27-headed Lernaean hydra bites you!
The 27-headed Lernaean hydra bites you but does no damage.
The 27-headed Lernaean hydra bites you.
The 27-headed Lernaean hydra bites you but does no damage.
The 27-headed Lernaean hydra bites you!
The 27-headed Lernaean hydra barely misses you.
The 27-headed Lernaean hydra bites you. x2
The 27-headed Lernaean hydra bites you! The 27-headed Lernaean hydra bites you.
The 27-headed Lernaean hydra bites you but does no damage. x4
The 27-headed Lernaean hydra barely misses you. x2
The 27-headed Lernaean hydra bites you!
* * * LOW HITPOINT WARNING * * *
The 27-headed Lernaean hydra bites you!
* * * LOW HITPOINT WARNING * * *
The 27-headed Lernaean hydra bites you!
* * * LOW HITPOINT WARNING * * *
The 27-headed Lernaean hydra bites you!
You die...

.§#§#
##§§.#######'#.§)§§#####
..§.# ###+#
#..#§§.§§#...# +####
#..##§§§.#.∩.#
#..≈###'##...#
#..≈.)#.####'#
#..≈.##'#§§§.##
#..≈##.§§§§...##
###..≈#.§..§.§...#
#@≈..##^..§§..§..#
#OD..#...§§.§§.§..
###..#..§.§§§.....
'..##..........#
##'##..........#
≈≈##........##
≈≈≈##......##
≈≈≈≈########


You could see the 27-headed Lernaean hydra (ally target) and a friendly ogre
(summoned, berserk).

Vanquished Creatures
  A deep elf annihilator (D)
  A mummy priest (D)
  A lindwurm (D)
  An oklob plant (D)
  A merfolk siren (D)
  A gargoyle (D)
  2 kobold demonologists (D)
  4 demonic crawlers (D)
  2 hornets (D)
  A slime creature (D)
  Sigmund (D)
  13 hogs (D)
  A floating eye (D)
  An ogre (D)
  A jelly (D)
  Ijyb (D)
33 creatures vanquished.

Vanquished Creatures (collateral kills)
  A golden dragon (D)
  A shadow dragon (D)
  A hydra (D)
  A floating eye (D)
4 creatures vanquished.

Vanquished Creatures (others)
  A merfolk siren (D)
  A hellwing (D)
  2 hornets (D)
4 creatures vanquished.

Grand Total: 41 creatures vanquished

Notes
Turn   | Place    | Note
-------+----------+-------------------------------------------
     0 | D        | raph the Troll Berserker began the quest for the Orb.
     0 | D        | Reached XP level 1. HP: 22/22 MP: 0/0
     2 | D        | Noticed Ijyb
     6 | D        | Killed Ijyb
     7 | D        | Reached skill level 4 in Unarmed Combat
     7 | D        | Reached XP level 2. HP: 31/31 MP: 1/1
    54 | D        | Noticed an ogre
    59 | D        | Killed an ogre
    60 | D        | Reached skill level 6 in Unarmed Combat
    60 | D        | Reached XP level 3. HP: 41/41 MP: 2/2
    60 | D        | Reached XP level 4. HP: 49/49 MP: 3/3
   104 | D        | Noticed Sigmund
   108 | D        | Killed Sigmund
   108 | D        | Reached ** piety under Trog
   109 | D        | Reached skill level 7 in Unarmed Combat
   109 | D        | Reached XP level 5. HP: 61/61 MP: 4/4
   167 | D        | Found a shimmering blue altar of Sif Muna.
   168 | D        | Found an ornate altar of the Wu Jian Council.
   169 | D        | Found a radiant altar of Vehumet.
   174 | D        | Reached skill level 8 in Unarmed Combat
   174 | D        | Reached XP level 6. HP: 47/68 MP: 5/5
   195 | D        | Noticed a centaur warrior
   195 | D        | Noticed a centaur warrior
   200 | D        | Found a burning altar of Makhleb.
   200 | D        | Found a viscous altar of Jiyva.
   200 | D        | Found a shimmering altar of Xom.
   200 | D        | Found a corrupted altar of Lugonu.
   200 | D        | Noticed a slime creature
   210 | D        | Killed a slime creature
   211 | D        | Reached skill level 9 in Unarmed Combat
   253 | D        | Noticed a kobold demonologist
   253 | D        | Noticed a floating eye
   254 | D        | Noticed a kobold demonologist
   257 | D        | Noticed a chaos spawn
   258 | D        | Killed a floating eye
   258 | D        | Reached *** piety under Trog
   259 | D        | Reached XP level 7. HP: 79/79 MP: 6/6
   265 | D        | Killed a kobold demonologist
   266 | D        | Reached skill level 10 in Unarmed Combat
   268 | D        | Killed a kobold demonologist
   268 | D        | Reached **** piety under Trog
   269 | D        | Reached XP level 8. HP: 92/92 MP: 7/7
   313 | D        | Noticed a demonic crawler
   313 | D        | Noticed a demonic crawler
   313 | D        | Noticed a demonic crawler
   313 | D        | Noticed a demonic crawler
   316 | D        | Killed a demonic crawler
   317 | D        | Reached skill level 11 in Unarmed Combat
   318 | D        | Killed a demonic crawler
   323 | D        | Killed a demonic crawler
   324 | D        | Reached skill level 10 in Fighting
   324 | D        | Reached skill level 10 in Dodging
   326 | D        | Killed a demonic crawler
   326 | D        | Reached ***** piety under Trog
   327 | D        | Reached skill level 12 in Unarmed Combat
   327 | D        | Reached XP level 9. HP: 38/101 MP: 8/8
   395 | D        | Noticed a lindwurm
   404 | D        | Killed a lindwurm
   467 | D        | Reached skill level 13 in Unarmed Combat
   469 | D        | Received a gift from Trog
   485 | D        | Reached XP level 10. HP: 113/115 MP: 9/9
   493 | D        | Received a gift from Trog
   502 | D        | Noticed a 12-headed hydra
   506 | D        | Killed a 12-headed hydra
   675 | D        | Noticed a merfolk siren
   675 | D        | Noticed a deep elf annihilator
   774 | D        | Noticed a shadow dragon
   774 | D        | Noticed a golden dragon
   782 | D        | Killed a golden dragon
   783 | D        | Reached skill level 14 in Unarmed Combat
   787 | D        | Killed a shadow dragon
   788 | D        | Reached skill level 15 in Unarmed Combat
   816 | D        | Identified the +6 quarterstaff "Jelly's Death" {vorpal,
                  | Will+ Int+2}
   900 | D        | Found Sifenuova's Antique Armour Shoppe.
   971 | D        | Noticed a merfolk siren
   990 | D        | Killed a merfolk siren
   991 | D        | Reached skill level 1 in Armour
  1035 | D        | Noticed a gargoyle
  1046 | D        | Reached XP level 11. HP: 122/127 MP: 10/10
  1059 | D        | Killed a deep elf annihilator
  1097 | D        | Noticed a mummy priest
  1101 | D        | Noticed an oklob plant
  1106 | D        | Killed an oklob plant
  1110 | D        | Killed a mummy priest
  1111 | D        | Reached skill level 16 in Unarmed Combat
  1136 | D        | Noticed the 27-headed Lernaean hydra
  1139 | D        | Slain by the 27-headed Lernaean hydra

Illustrated notes

Levels and vault maps discovered:
D:        dungeon_sprint_1 [red_sonja_temple_1, red_sonja_temple_small_1]

Skill      XL: |  1  2  3  4  5  6  7  8  9 10 11 |
---------------+----------------------------------+-----
Fighting       | 3 4 6 7 9 10 11 13 | 13.4
Dodging        | 3 4 6 7 9 10 11 13 | 13.3
Unarmed Combat | 4 6 7 8 9 10 12 13 15 16 | 16.0
Armour         | 1 4 |  4.9

Action                   |  1- 3 |  4- 6 |  7- 9 | 10-12 || total
-------------------------+-------+-------+-------+-------++-------
Melee: Unarmed           |     7 |    15 |    58 |    42 ||   122
       Punch             |       |       |     6 |     3 ||     9
Invok: Berserk           |     2 |     3 |     2 |     4 ||    11
       Trog's Hand       |       |       |     1 |     5 ||     6
       Brothers in Arms  |       |       |       |     5 ||     5
  Use: Scroll            |       |       |       |     1 ||     1
 Stab: Sleeping          |       |     1 |       |       ||     1
Armor: Animal skin       |     1 |       |    11 |     7 ||    19
       Gold dragon scale |       |       |       |    27 ||    27
Dodge: Dodged            |     2 |     5 |    30 |    34 ||    71
